 Dungeon Crawl Stone Soup version 0.18-a0-1570-gf60b0ab (webtiles) character file.

462 Ijustatesigmund the Insei (level 7, -9/48 HPs)
             Began as an Octopode Transmuter on Mar 14, 2016.
             Killed from afar by Eustachio (10 damage)
             ... with a wand of flame
             ... on level 4 of the Dungeon.
             The game lasted 00:10:07 (4351 turns).

Ijustatesigmund the Insei (Octopode Transmuter)     Turns: 4351, Time: 00:10:08

Health: -9/48      AC:  1    Str:  9    XL:     7   Next: 7%
Magic:  9/10       EV: 12    Int: 17    God:
Gold:   108        SH:  0    Dex: 13    Spells: 3 memorised, 4 levels left

rFire  . . .     SeeInvis .       - Unarmed
rCold  . . .     Gourm    .     (no shield)
rNeg   . . .     Faith    .     (helmet restricted)
rPois  .         Spirit   .     (no amulet)
rElec  .         Dismiss  .     (no ring)
rCorr  .         Reflect  .     (no ring)
SustAt .         Harm     .     (no ring)
MR     .....                    (no ring)
Stlth  ++........               (no ring)
                                (no ring)
                                (no ring)
                                (no ring)

@: very slightly contaminated, hasted, very quick, not resistant to hostile
enchantments, unstealthy
A: almost no armour, amphibious, 8 rings, constrict 8, camouflage 1, gelatinous
body 1
a: no special abilities


You were on level 4 of the Dungeon.
You were not hungry.

You visited 1 branch of the dungeon, and saw 4 of its levels.

You collected 108 gold pieces.

Inventory:

Missiles
 a - 21 arrows
 n - 8 tomahawks (quivered)
Scrolls
 e - 2 scrolls of remove curse
Potions
 g - a potion of curing {unknown}
 i - a potion of resistance {unknown}
 j - a potion of degeneration {unknown}
 k - a potion of heal wounds {unknown}
Books
 b - a book of Changes

   Spells                             Type                      Level
   a - Beastly Appendage              Transmutation                1
   b - Sticks to Snakes               Transmutation                2
   c - Spider Form                    Transmutation/Poison         3
   d - Ice Form                       Ice/Transmutation            4
   e - Blade Hands                    Transmutation                5
Comestibles
 c - a bread ration
 d - 2 beef jerkies
 h - 3 meat rations
 l - a chunk of flesh


   Skills:
 + Level 4.0 Fighting
 - Level 2.0 Dodging
 + Level 5.4 Unarmed Combat
 - Level 2.0 Spellcasting
 + Level 3.7 Transmutations
 - Level 2.0 Poison Magic


You had 4 spell levels left.
You knew the following spells:

 Your Spells              Type           Power        Failure   Level  Hunger
a - Beastly Appendage     Trmt           ##....       4%          1    #......
b - Sticks to Snakes      Trmt           ##......     10%         2    ###....
c - Spider Form           Trmt/Pois      ##........   21%         3    ###....


Dungeon Overview and Level Annotations

Branches:
Dungeon (4/15)
 Temple: D:4-7

Altars:

Annotations:
D:4 Eustachio


Innate Abilities, Weirdness & Mutations

You cannot wear most types of armour.
You are amphibious.
You can wear up to eight rings at the same time.
You can use your tentacles to constrict eight enemies at once.
Your skin changes colour to match your surroundings (Stealth).
Your rubbery body absorbs attacks (AC +1).


Message History

The orc shouts!
Your grab misses Eustachio. Your squeeze misses Eustachio.
Eustachio barely misses you.
You barely miss Eustachio. You grab Eustachio. You constrict Eustachio.
Eustachio closely misses you.
You release your grip on Eustachio.
Eustachio gestures wildly while chanting.
Eustachio mumbles some strange words.
Eustachio blinks!
Eustachio zaps a wand.
The puff of flame hits you!
* * * LOW HITPOINT WARNING * * *
It is a wand of flame.
Drink which item? (? for menu, Esc to quit)
It was a potion of haste.
You feel yourself speed up. The quokka barely misses you.
Eustachio zaps a wand.
The puff of flame hits you!
* * * LOW HITPOINT WARNING * * *
You are very lightly contaminated with residual magic.
Eustachio zaps a wand.
The puff of flame hits you!
You die...

#.................###.#....
#...<.............###.#.###
#.....................#.# #
######............##..#.###
...................##.......
..#...#.............#.##.###
..............###.#.#.##.#
..#...#.......# #.#..<##.#
...........@..# #.#.#.##.#
#######@...r..# #.#.#.##.#
#............# #.....##.#
#.......(....# #.#.####.#
#............# #.#.# #.#
#........o...###.#.####.#
###..........รท...#.....##.#
#................#.# #.##.#
#................#.# #.##.#


You could see Eustachio, an orc and a quokka.

Vanquished Creatures
  Grinder (D:4)
  Crazy Yiuf (D:2)
  An orc priest (D:3)
  2 iguanas
  3 gnolls (D:2)
  4 adders
  An ooze (D:3)
  3 worms (D:2)
  2 dart slugs
  A giant gecko (D:3)
  3 orcs (D:3)
  10 bats
  3 giant cockroaches
  6 goblins
  7 hobgoblins
  4 jackals (D:1)
  8 kobolds
  3 quokkas
  2 ball pythons
  2 giant newts (D:2)
  7 rats
74 creatures vanquished.

Notes
Turn   | Place    | Note
--------------------------------------------------------------
     0 | D:1      | Ijustatesigmund the Octopode Transmuter began the quest for the Orb.
     0 | D:1      | Reached XP level 1. HP: 13/13 MP: 3/3
   128 | D:1      | Reached XP level 2. HP: 11/18 MP: 5/5
   132 | D:1      | Learned a level 2 spell: Sticks to Snakes
   710 | D:1      | Reached XP level 3. HP: 24/24 MP: 6/6
   715 | D:1      | Learned a level 3 spell: Spider Form
  1241 | D:2      | Reached skill level 1 in Poison Magic
  1616 | D:2      | Reached XP level 4. HP: 22/30 MP: 7/7
  1630 | D:2      | Reached skill level 4 in Unarmed Combat
  1634 | D:2      | HP: 1/30 [kobold (4)]
  2045 | D:2      | Noticed Crazy Yiuf
  2080 | D:2      | Killed Crazy Yiuf
  2600 | D:3      | Reached XP level 5. HP: 7/36 MP: 8/8
  4059 | D:4      | Reached XP level 6. HP: 15/42 MP: 9/9
  4320 | D:4      | Noticed Grinder
  4335 | D:4      | Noticed Eustachio
  4335 | D:4      | Paralysed by Grinder for 2 turns
  4341 | D:4      | Killed Grinder
  4341 | D:4      | Reached skill level 5 in Unarmed Combat
  4341 | D:4      | Reached XP level 7. HP: 12/48 MP: 7/10
  4348 | D:4      | HP: 1/48 [Eustachio/wand of flame (6)]
  4351 | D:4      | Killed from afar by Eustachio

Vault maps used:
D:1:      erik_arrival_triangle_small, fountainhead
D:2:      uniq_crazy_yiuf_cottage
D:4:      lemuel_coloured_pillars_altar, nicolae_tso_carved_into_rock,
          minmay_lizard_king, uniq_eustachio, uniq_grinder

Skill      XL: |  1  2  3  4  5  6 |
---------------+-------------------+-----
Fighting       | 2 3 4 |  4.0
Poison Magic   | 1 2 |  2.0
Unarmed Combat | 4 5 |  5.4
Transmutations | 3 |  3.7
Dodging        | |  2.0
Spellcasting   | |  2.0

Action                   |  1- 3 |  4- 6 |  7- 9 || total
-------------------------+-------+-------+-------++-------
Melee: Unarmed           |    77 |   101 |     2 ||   180
 Cast: Beastly Appendage |     3 |     7 |       ||    10
       Sticks to Snakes  |     2 |    11 |       ||    13
       Spider Form       |       |     1 |       ||     1
  Use: Scroll            |     9 |     2 |       ||    11
       Potion            |       |     2 |     1 ||     3
 Stab: Sleeping          |     8 |     4 |       ||    12
  Eat: Chunk             |     2 |    10 |       ||    12
